 Dungeon Crawl Stone Soup version 0.29.1-12-g30fa7ad0bf (webtiles) character file.

Game seed: 10793715264194814780

59543 LustLizard the Severer (level 14, -3/119 (127) HPs)
             Began as a Minotaur Monk on Jan 4, 2023.
             Was the Champion of Cheibriados.
             Slain by a death yak (18 damage)
             ... on level 4 of the Lair of Beasts.
             The game lasted 00:37:12 (15216 turns).

LustLizard the Severer (Minotaur Monk)             Turns: 15216, Time: 00:37:13

HP:   -3/119 (127)  AC: 24    Str: 34    XL:     14   Next: 53%
MP:   20/20         EV: 12    Int: 22    God:    Cheibriados [******]
Gold: 936           SH:  0    Dex: 34    Spells: 21/23 levels left

rFire   . . .      SeeInvis .   l - +7 hand axe "Giantbane" {flame, Drain Will+ Dex+4}
rCold   . . .      Faith    .   (no shield)
rNeg    . . .      Spirit   .   K - +0 plate armour
rPois   .          Reflect  .   b - +2 hat
rElec   .          Harm     .   T - scarf {shadows}
rCorr   .          Rampage  .   C - +0 pair of gloves
Will    ++...                   U - +1 pair of boots {Stlth+}
Stlth   ..........              j - amulet of regeneration
HPRegen 1.09/turn               Q - +4 ring of protection
MPRegen 0.17/turn               o - +4 ring of protection

@: drained, very slow
A: horns 2, retaliatory headbutt
a: Renounce Religion, Bend Time, Temporal Distortion, Slouch, Step From Time


You were on level 4 of the Lair of Beasts.
You worshipped Cheibriados.
Cheibriados was exalted by your worship.
You visited 2 branches of the dungeon, and saw 17 of its levels.
You also visited: Ice Cave.

You collected 1219 gold pieces.
You spent 283 gold pieces at shops.

Inventory:

Hand Weapons
 l - the +7 hand axe "Giantbane" (weapon) {flame, Drain Will+ Dex+4}
   (You found it on level 2 of the Dungeon)

   It burns those it strikes, dealing additional fire damage.
   Big, fiery blades are also staple armaments of hydra-hunters.
   Dex:       It affects your dexterity (+4).
   Drain:     It drains your maximum health when unequipped.
   Will:      It increases your willpower.
 W - a +3 broad axe of freezing
Missiles
 d - 10 boomerangs
 s - 37 poisoned darts (quivered)
 t - 4 throwing nets
 B - 4 javelins
 Y - 2 curare-tipped darts
Armour
 b - a +2 hat (worn)
 C - a +0 pair of gloves (worn)
 K - a +0 plate armour (worn)
 T - a scarf of shadows (worn)
 U - a +1 pair of boots of stealth (worn)
Jewellery
 f - a +6 ring of strength
 h - a +4 ring of evasion
 j - an amulet of regeneration (around neck)
 o - a +4 ring of protection (right hand)
 r - a ring of fire
 L - an amulet of the acrobat
 Q - a +4 ring of protection (left hand)
 R - a ring of willpower
 X - a ring of flight
Wands
 w - a wand of flame (58)
 y - a wand of roots (23)
 A - a wand of paralysis (49)
 D - a wand of polymorph (16)
 P - a wand of acid (5)
Scrolls
 n - 5 scrolls of teleportation
 u - 7 scrolls of immolation
 v - 2 scrolls of torment
 z - 4 scrolls of butterflies
 E - 2 scrolls of blinking
 F - 2 scrolls of vulnerability {unknown}
 H - 3 scrolls of enchant armour {unknown}
 I - 6 scrolls of amnesia
 M - a scroll of silence {unknown}
 N - a scroll of poison
 O - 2 scrolls of magic mapping {unknown}
 S - a scroll of noise {unknown}
 Z - a scroll of summoning {unknown}
Potions
 a - 5 potions of flight
 c - 4 potions of ambrosia
 g - 10 potions of curing
 i - a potion of lignification
 k - 4 potions of resistance
 m - 6 potions of mutation
 p - a potion of attraction {unknown}
 q - 2 potions of cancellation
 x - 3 potions of might
 G - a potion of heal wounds
 J - 4 potions of brilliance
 V - a potion of magic
Miscellaneous
 e - a condenser vane


   Skills:
 + Level 12.8 Fighting
 * Level 17.4 Axes
 + Level 10.3 Throwing
 + Level 3.3 Armour
 + Level 4.6 Dodging
 - Level 1.5 Stealth
 - Level 5.1 Spellcasting
 - Level 7.0 Translocations
 * Level 10.4 Invocations


You had 21 spell levels left.
You knew the following spells:

 Your Spells              Type           Power      Damage    Failure   Level
a - Blink                 Tloc           72%        N/A       7%          2

Your spell library contained the following spells:

 Spells                   Type           Power      Damage    Failure   Level
 Lesser Beckoning         Tloc           36%        N/A       14%         3
 Portal Projectile        Hex/Tloc       42%        N/A       50%         3
 Beastly Appendage        Tmut           10%        N/A       63%         1
 Foxfire                  Conj/Fire      20%        2x1d5     63%         1
 Magic Dart               Conj           20%        1d4       63%         1
 Necrotise                Necr           20%        1d5       63%         1
 Call Imp                 Summ           5%         N/A       77%         2
 Searing Ray              Conj           10%        2d4       77%         2
 Wereblood                Tmut           5%         N/A       77%         2
 Manifold Assault         Tloc           36%        N/A       77%         5
 Iskenderun's Mystic Bla  Conj/Tloc      21%        2d6       88%         4
 Call Canine Familiar     Summ           5%         N/A       94%         3
 Conjure Flame            Conj/Fire      5%         6-21      94%         3
 Dazzling Flash           Conj/Hex       10%        N/A       94%         3
 Inner Flame              Hex/Fire       5%         N/A       94%         3
 Mephitic Cloud           Conj/Pois/Air  5%         N/A       94%         3
 Spider Form              Tmut/Pois      5%         N/A       94%         3
 Stone Arrow              Conj/Erth      10%        3d7       94%         3
 Tukima's Dance           Hex            5%         N/A       94%         3
 Vampiric Draining        Necr           5%         2d6       94%         3
 Animate Armour           Summ/Erth      10%        N/A       100%        4
 Flame Wave               Conj/Fire      5%         2d5       100%        4
 Fulminant Prism          Conj/Hex       2%         3d6       100%        4
 Leda's Liquefaction      Hex/Erth       2%         N/A       100%        4
 Summon Ice Beast         Ice/Summ       5%         N/A       100%        4
 Agony                    Necr           5%         N/A       100%        5
 Blade Hands              Tmut           2%         N/A       100%        5
 Simulacrum               Ice/Necr       2%         N/A       100%        6
 Starburst                Conj/Fire      2%         6d3       100%        6
 Malign Gateway           Summ/Tloc      10%        N/A       100%        7
 Lehudib's Crystal Spear  Conj/Erth      2%         10d2      100%        8


Dungeon Overview and Level Annotations

Branches:
Dungeon (13/15)            Temple (0/1) D:7            Lair (4/5) D:9
 Shoals (0/4) Lair:3        Snake (0/4) Lair:2          Orc (0/2) D:10
  IceCv (visited)
  Slime: Lair:4-5    Vaults: D:13-14

Altars:
Cheibriados
Dithmenos
Gozag
Makhleb
Sif Muna
Vehumet
Wu Jian
Xom
Yredelemnul
Zin

Shops:
D:1 !   D:12 [

Annotations:
D:11 3 runed translucent doors, hawla's ghost, journeyman MeIE
D:12 exclusion: door
D:13 exclusion: upstairs, Rupert


Innate Abilities, Weirdness & Mutations

You have a pair of horns on your head.
You reflexively headbutt those who attack you in melee.


Message History

The death yak gores you!!
You hit the death yak. You burn the death yak.
The death yak is heavily wounded.
You hit the death yak but do no damage. You hit the death yak.
You burn the death yak.
The death yak is heavily wounded.
You hit the death yak but do no damage. The death yak barely misses you.
You furiously retaliate!
You headbutt the death yak. The death yak gores you!
You hit the death yak. You burn the death yak.
The death yak is severely wounded.
You slash the death yak! You burn the death yak. You barely miss the death yak.
You slash the death yak! You burn the death yak.
The death yak is almost dead.
You slash the death yak! You burn the death yak. You hit the death yak.
You burn the death yak.
The death yak gores you but does no damage.
The death yak gores you. The death yak completely misses you.
You hit the death yak. You burn the death yak. You headbutt the death yak.
The death yak is almost dead.
You hit the death yak but do no damage. x2
The death yak gores you but does no damage. x2
The death yak gores you!
* * * LOW HITPOINT WARNING * * *
You hit the death yak. You burn the death yak.
You kill the death yak!
Cheibriados appreciates the change of pace.
You hit the death yak but do no damage. You slash the death yak!
You burn the death yak. The death yak attacks as you move away!
The death yak gores you.
* * * LOW HITPOINT WARNING * * *
The death yak closely misses you. You furiously retaliate!
You headbutt the death yak. The death yak gores you!
* * * LOW HITPOINT WARNING * * *
The death yak gores you.
* * * LOW HITPOINT WARNING * * *
You slice the death yak!! You burn the death yak.
You kill the death yak!
Cheibriados appreciates the change of pace.
You slash the death yak! You burn the death yak. The death yak gores you!!
You die...

#......# #.####.#..#.#
##.....## #.# ##..####
##.....## #.####...#
####...######.....###
#.#†##.###....##
####...##P....# #.#........##
####.......#### #...Y@.##..#
### . #..††..[...###### #.##
..# ##†..........P#.####.#
Y..P######...............##...P
..P....#.................†.....
...Y.Y...........P#.###.#.....#
...####.........##### ##.#....#
#####.....# ### ##.#..##
#..[..###.####.##..#


You could see a death yak.

Vanquished Creatures
  Jorgrun (D:12)
  Gastronok (Lair:1)
  4 hydras
  Harold (Lair:1)
  Erolcha (D:10)
  A boulder beetle (D:12)
  An ogre mage (D:11)
  2 ironbound frosthearts (IceCv)
  11 two-headed ogres
  A catoblepas (Lair:4)
  10 death yaks
  Nergalle (D:11)
  Sonja (Lair:1)
  4 skeletal warriors (D:12)
  A fire crab (Lair:3)
  A wizard (D:10)
  2 deep elf pyromancers
  An orc knight (D:10)
  An ugly thing (D:12)
  2 cyclopes (D:11)
  3 slime creatures (D:12)
  12 elephants
  5 black mambas
  A merfolk siren (Lair:3)
  Maurice (D:12)
  An ice statue (IceCv)
  2 gargoyles (D:12)
  2 unseen horrors (D:12)
  2 cane toads
  5 komodo dragons
  A kobold demonologist (D:12)
  4 rime drakes
  10 polar bears
  2 trolls
  4 blink frogs (Lair:1)
  2 shadows
  A wyvern (Lair:2)
  33 yaks
  2 wraiths
  3 basilisks
  Eustachio (D:6)
  4 acid dragons
  3 nagas (Lair:2)
  7 water moccasins
  7 orc warriors
  A black bear (D:7)
  2 sky beasts (D:7)
  3 ogres
  47 wolves
  The ghost of Jingleheimer the Cudgeller, an amateur DsFi (D:3)
  9 centaurs
  2 phantoms (D:4)
  3 kobold brigands
  13 bullfrogs
  2 gnoll sergeants
  6 scorpions
  A necrophage (D:7)
  12 wights
  8 killer bees
  2 howler monkeys (D:10)
  A crimson imp (D:10)
  5 jellies
  10 orc priests
  Natasha (thrice) (D:4)
  4 iguanas
  7 orc wizards
  6 hell rats (Lair:3)
  A hound zombie (D:3)
  11 gnolls
  5 adders
  10 river rats (Lair:3)
  14 white imps
  2 adder zombies (D:3)
  A worm (D:2)
  4 dart slugs
  43 orcs
  7 bats
  6 endoplasms
  7 giant cockroaches
  7 goblins
  7 hobgoblins
  4 jackals
  3 quokkas
  5 ball pythons
  6 frilled lizards
  A jackal zombie (D:3)
  10 kobolds
  10 rats
478 creatures vanquished.

Vanquished Creatures (others)
  3 demonic plants (D:2)
  24 fungi
  39 plants
  3 withered plants (D:2)
69 creatures vanquished.

Grand Total: 547 creatures vanquished

Notes
Turn   | Place    | Note
-------+----------+-------------------------------------------
     0 | D:1      | LustLizard the Minotaur Monk began the quest for the Orb.
     0 | D:1      | Reached XP level 1. HP: 19/19 MP: 0/0
   158 | D:1      | Reached skill level 4 in Axes
   272 | D:1      | Reached XP level 2. HP: 27/27 MP: 1/1
   499 | D:1      | Found Busoad's Distillery.
   511 | D:1      | Bought a potion of curing for 36 gold pieces
   865 | D:1      | Reached skill level 1 in Throwing
   900 | D:1      | Reached XP level 3. HP: 28/33 MP: 2/2
  1353 | D:2      | Found a faded altar of an unknown god.
  1425 | D:2      | Found a shimmering blue altar of Sif Muna.
  1470 | D:2      | Identified the +7 hand axe "Giantbane" {flame, Drain Will+
                  | Dex+4}
  1507 | D:2      | Reached skill level 5 in Axes
  1566 | D:2      | Reached XP level 4. HP: 40/40 MP: 3/3
  1812 | D:3      | Noticed an ogre
  1818 | D:3      | Killed an ogre
  1819 | D:3      | Reached XP level 5. HP: 47/47 MP: 4/4
  1828 | D:3      | Found a burning altar of Makhleb.
  2005 | D:3      | Reached skill level 6 in Axes
  2025 | D:3      | Found a runed translucent door.
  2030 | D:3      | Noticed Jingleheimer's ghost (amateur DsFi)
  2118 | D:3      | Reached skill level 5 in Fighting
  2247 | D:3      | Found a basalt altar of Yredelemnul.
  2405 | D:3      | Found an opulent altar of Gozag.
  2438 | D:3      | Found a snail-covered altar of Cheibriados.
  2449 | D:3      | Became a worshipper of Cheibriados the Contemplative
  2449 | D:3      | Reached * piety under Cheibriados
  2449 | D:3      | Reached ** piety under Cheibriados
  2617 | D:3      | Killed Jingleheimer's ghost
  2618 | D:3      | Reached XP level 6. HP: 52/56 MP: 5/5
  2954 | D:4      | Learned a level 2 spell: Blink
  2968 | D:4      | Reached skill level 7 in Axes
  3018 | D:4      | Reached XP level 7. HP: 62/62 MP: 6/6
  3148 | D:4      | Noticed Natasha
  3157 | D:4      | Killed Natasha
  3175 | D:4      | Reached skill level 1 in Translocations
  3275 | D:4      | Noticed Natasha
  3287 | D:4      | Killed Natasha
  3516 | D:4      | Noticed Natasha
  3518 | D:4      | Killed Natasha
  3555 | D:5      | Entered Level 5 of the Dungeon
  3608 | D:5      | Reached skill level 8 in Axes
  4432 | D:6      | Reached XP level 8. HP: 66/71 MP: 7/7
  4509 | D:6      | Reached *** piety under Cheibriados
  4543 | D:6      | Reached skill level 9 in Axes
  4919 | D:6      | Found a glowing silver altar of Zin.
  4921 | D:6      | Noticed an angel
  4933 | D:6      | Noticed Eustachio
  4939 | D:6      | Found a shimmering altar of Xom.
  4944 | D:6      | Killed Eustachio
  5165 | D:7      | Reached skill level 5 in Throwing
  5280 | D:7      | Reached skill level 10 in Axes
  5282 | D:7      | Reached XP level 9. HP: 55/74 MP: 8/8
  5385 | D:7      | Found a staircase to the Ecumenical Temple.
  5523 | D:7      | Reached **** piety under Cheibriados
  5583 | D:7      | Reached skill level 11 in Axes
  6112 | D:8      | Found a shadowy altar of Dithmenos.
  6317 | D:9      | Reached XP level 10. HP: 87/90 MP: 9/9
  6333 | D:9      | Reached skill level 12 in Axes
  6333 | D:9      | Reached skill level 1 in Spellcasting
  6427 | D:9      | Noticed a two-headed ogre
  6438 | D:9      | Killed a two-headed ogre
  6438 | D:9      | Reached ***** piety under Cheibriados
  6847 | D:9      | Noticed a two-headed ogre
  6856 | D:9      | Killed a two-headed ogre
  6952 | D:9      | Found a staircase to the Lair.
  7152 | D:10     | Entered Level 10 of the Dungeon
  7152 | D:10     | Noticed an orc knight
  7152 | D:10     | Found a staircase to the Orcish Mines.
  7162 | D:10     | Killed an orc knight
  7163 | D:10     | Reached skill level 13 in Axes
  7259 | D:10     | Reached skill level 1 in Invocations
  7381 | D:10     | Noticed a wizard
  7390 | D:10     | Killed a wizard
  7391 | D:10     | Reached XP level 11. HP: 99/99 MP: 13/13
  7474 | D:10     | Noticed Erolcha
  7479 | D:10     | Killed Erolcha
  7548 | D:10     | Reached skill level 5 in Translocations
  7548 | D:10     | Noticed a two-headed ogre
  7561 | D:10     | Killed a two-headed ogre
  7909 | D:10     | Found a radiant altar of Vehumet.
  7909 | D:10     | Found an ornate altar of the Wu Jian Council.
  7985 | D:11     | Reached skill level 10 in Fighting
  8141 | D:11     | Noticed Nergalle
  8155 | D:11     | Killed Nergalle
  8222 | D:11     | Noticed a deep elf pyromancer
  8225 | D:11     | Killed a deep elf pyromancer
  8401 | D:11     | Noticed a two-headed ogre
  8402 | D:11     | Noticed a two-headed ogre
  8406 | D:11     | Killed a two-headed ogre
  8408 | D:11     | Noticed a two-headed ogre
  8410 | D:11     | Killed a two-headed ogre
  8410 | D:11     | Noticed a two-headed ogre
  8412 | D:11     | Noticed an ogre mage
  8419 | D:11     | Noticed a two-headed ogre
  8422 | D:11     | Killed a two-headed ogre
  8423 | D:11     | Reached skill level 14 in Axes
  8427 | D:11     | Noticed a two-headed ogre
  8433 | D:11     | Killed an ogre mage
  8440 | D:11     | Killed a two-headed ogre
  8540 | D:11     | Noticed a two-headed ogre
  8545 | D:10     | Reached skill level 5 in Invocations
  8582 | D:11     | Killed a two-headed ogre
  8584 | D:11     | Killed a two-headed ogre
  8585 | D:11     | Reached XP level 12. HP: 80/108 MP: 14/16
  8709 | D:11     | Killed a two-headed ogre
  8789 | D:11     | Noticed a two-headed ogre
  8796 | D:11     | Killed a two-headed ogre
  8898 | D:11     | Found a runed translucent gate.
  8898 | D:11     | Found a runed translucent gate.
  8898 | D:11     | Found a runed translucent gate.
  8900 | D:11     | Noticed hawla's ghost (journeyman MeIE)
  8900 | D:11     | Noticed a ten-headed hydra
  8901 | D:11     | Noticed a ten-headed hydra
  9106 | D:12     | Noticed an eight-headed hydra
  9113 | D:12     | Killed a five-headed hydra
  9199 | D:12     | Reached ****** piety under Cheibriados
  9339 | D:12     | Reached skill level 15 in Axes
  9541 | D:12     | Got Sif Muna's Octavo of the Chilling Map
  9640 | D:12     | Found an ornate altar of the Wu Jian Council.
  9708 | D:12     | Found Sielawka's Armour Shop.
  9714 | D:12     | Bought a +1 pair of boots of stealth for 247 gold pieces
 10425 | D:12     | Noticed Maurice
 10432 | D:12     | Killed Maurice
 10565 | D:12     | Noticed Jorgrun
 10580 | D:12     | Killed Jorgrun
 10641 | D:12     | Noticed a boulder beetle
 10653 | D:12     | Killed a boulder beetle
 10735 | D:13     | Noticed Rupert
 10839 | Lair:1   | Entered Level 1 of the Lair of Beasts
 10841 | Lair:1   | Noticed Gastronok
 10852 | Lair:1   | Killed Gastronok
 10853 | Lair:1   | Reached XP level 13. HP: 92/116 MP: 18/18
 10853 | Lair:1   | Noticed Harold
 10863 | Lair:1   | Killed Harold
 11317 | Lair:1   | Noticed Sonja
 11323 | Lair:1   | Killed Sonja
 11705 | Lair:2   | Found a staircase to the Snake Pit.
 11748 | Lair:2   | Reached skill level 16 in Axes
 12905 | Lair:3   | Found a staircase to the Shoals.
 13404 | Lair:3   | Reached skill level 5 in Spellcasting
 13690 | Lair:4   | Found a frozen archway.
 13780 | IceCv    | Entered an ice cave
 13860 | IceCv    | Reached XP level 14. HP: 97/109 MP: 20/20
 13975 | IceCv    | Reached skill level 1 in Armour
 14018 | IceCv    | Reached skill level 10 in Throwing
 14126 | IceCv    | Reached skill level 17 in Axes
 14228 | IceCv    | Reached skill level 10 in Invocations
 14492 | IceCv    | Identified the +5 quarterstaff "Nizoj" {protect, +Blink
                  | rC+}
 14695 | Lair:4   | Found a glowing silver altar of Zin.
 15216 | Lair:4   | Slain by a death yak

Illustrated notes

Levels and vault maps discovered:
D:1:      lightli_arrival_boilingwater, layout_basic, serial_shops, shop
D:2:      minmay_angry_zag, layout_rooms, shapermc_ecumenical_altar_gd,
          basic_altar
D:3:      layout_loops_ring, lightli_temple_of_fire,
          nicolae_yredelemnul_corpse_copse, mainiacjoe_overflow_alcove_4,
          cheibriados_altar_1, ebering_ghost_reflecting_pool
D:4:      layout_cave_pools, minmay_close_crescents, uniq_natasha
D:5:      layout_basic, kennysheep_path_1
D:6:      layout_basic, grunt_temple_overflow_order_and_chaos_1, uniq_eustachio
D:7:      layout_basic, lemuel_temple_firewalk_a, minmay_joined_circles
D:8:      layout_rooms, mainiacjoe_overflow_cross_hatched,
          minmay_misc_feat_roman, reono_crystal_passage
D:9:      layout_basic, dpeg_oklobed_lair
D:10:     layout_long_grid, gammafunk_temple_overflow_pools, orc_david_3,
          serial_glass, glass_columns_a, glass_columns_a, glass_columns_b,
          due_unseen_surprise, item_on_display_a, minmay_strange_pillars,
          lightli_wizard_tower, uniq_erolcha
D:11:     layout_roguey, gammafunk_ghost_hydra_chop, kennysheep_generic_room_11,
          uniq_nergalle
D:12:     layout_loops_corners, serial_shops, kennysheep_little_box,
          pdpol_wu_jian_five_deadly_venoms, uniq_maurice, uniq_jorgrun
D:13:     layout_loops_ring, uniq_frances, uniq_nessos, uniq_josephine,
          uniq_snorg, uniq_rupert
Lair:1:   layout_big_grid, uniq_harold, uniq_sonja, uniq_gastronok
Lair:2:   layout_roguey, minmay_snake_entry_guardpost_small
Lair:3:   layout_cave_pods, minmay_shoals_entry_lonely_mermaid,
          kennysheep_rathole
Lair:4:   layout_layer_cave, basic_altar, portal_ice_cave_entry_imps,
          grunt_megastairs_3, serial_bayou_shore_a, serial_bayou_shore_b,
          serial_bayou_shore_b

Skill      XL: |  1  2  3  4  5  6  7  8  9 10 11 12 13 14 |
---------------+-------------------------------------------+-----
Axes           | 4 5 6 7 8 10 11 13 14 15 16 17 | 17.4
Fighting       | 4 5 6 7 8 9 10 11 12 | 12.8
Throwing       | 1 2 3 4 5 6 7 8 9 10 | 10.3
Translocations | 1 3 4 5 6 7 |  7.0
Spellcasting   | 2 3 4 5 |  5.1
Invocations    | 1 5 7 9 10 | 10.4
Armour         | 3 |  3.3
Dodging        | 4 |  4.6
Stealth        | |  1.5

Action                   |  1- 3 |  4- 6 |  7- 9 | 10-12 | 13-15 || total
-------------------------+-------+-------+-------+-------+-------++-------
Melee: Hand axe          |    90 |    91 |   188 |   396 |   337 ||  1102
       Headbutt          |    12 |    13 |    38 |   114 |   154 ||   331
       Punch             |     3 |     1 |     1 |    12 |    14 ||    31
       Broad axe         |       |       |       |       |   188 ||   188
Throw: Stone             |       |    11 |    33 |     7 |       ||    51
       Dart              |       |       |       |     7 |    11 ||    18
       Javelin           |       |       |       |     2 |       ||     2
       Boomerang         |       |       |       |    18 |       ||    18
  Use: Scroll            |       |     2 |    10 |    12 |     3 ||    27
       Potion            |       |       |       |     2 |       ||     2
 Stab: Sleeping          |       |     4 |     1 |       |       ||     5
       Fleeing           |       |       |       |     1 |       ||     1
Armor: Leather armour    |     8 |       |       |       |       ||     8
       Ring mail         |    14 |    21 |     7 |       |       ||    42
       Chain mail        |       |       |    32 |       |       ||    32
       Scale mail        |       |       |     3 |       |       ||     3
       Plate armour      |       |       |     5 |   168 |   245 ||   418
Dodge: Dodged            |    71 |    64 |    88 |   162 |   240 ||   625
